 Dungeon Crawl Stone Soup version 0.29.0 (webtiles) character file.

Game seed: 15367162894731549343

5037 NinjaNoafa the Conjurer (level 10, 0/109 HPs)
             Began as a Pale Draconian Conjurer on Aug 24, 2022.
             Was a Priest of Qazlal.
             Succumbed to a kobold brigand's poison
             ... on level 9 of the Dungeon.
             The game lasted 00:36:05 (7417 turns).

NinjaNoafa the Conjurer (Pale Draconian Conjurer)   Turns: 7417, Time: 00:36:06

Health: 0/109      AC: 29    Str:  9    XL:     10   Next: 30%
Magic:  2/16       EV:  2    Int: 23    God:    Qazlal [***...]
Gold:   413        SH:  4    Dex: 16    Spells: 1/17 levels left

rFire   . . .      SeeInvis .   h - +1 dagger (flame)
rCold   . . .      Faith    .   x - orb {light}
rNeg    . . .      Spirit   .   (body armour unavailable)
rPois   +          Reflect  .   (helmet currently unavailable)
rElec   .          Harm     .   (cloak currently unavailable)
rCorr   .          Rampage  .   (gloves currently unavailable)
Will    .....      Rage     3%  (boots currently unavailable)
Stlth   +......... NoTele   +   d - amulet of magic regeneration
HPRegen 0.28/turn               y - +4 ring of protection
MPRegen 0.55/turn               r - +6 ring of dexterity

@: brilliant, lethally poisoned (0 -> -1), sluggish, tree-form, very slightly
contaminated, glowing, very slow
A: stationary, stasis, torment immunity, boosted hp, (breathe steam), AC +7,
unfitting armour, (cold-blooded), (steam resistance), berserk 1, no potion heal
1
a: Renounce Religion, Upheaval, Elemental Force


You were on level 9 of the Dungeon.
You worshipped Qazlal.
Qazlal was most pleased with you.
You were a tree.
You visited 2 branches of the dungeon, and saw 10 of its levels.

You collected 491 gold pieces.
You spent 78 gold pieces at shops.

Inventory:

Hand Weapons
 h - a +1 dagger of flaming (weapon)
Missiles
 b - 76 stones
 e - 3 boomerangs
 s - 9 poisoned darts
 w - 4 datura-tipped darts
 z - 5 silver boomerangs
 F - 5 atropa-tipped darts
Armour
 c - a +0 pair of boots (melded)
 x - an orb of light (worn)
 N - a +1 pair of gloves (melded)
Magical Staves
 C - a staff of death
Jewellery
 d - an amulet of magic regeneration (around neck)
 i - a ring of willpower
 r - a +6 ring of dexterity (right branch)
 y - a +4 ring of protection (left branch)
 B - a ring of protection from cold
Wands
 f - a wand of paralysis (7)
 E - a wand of mindburst (7)
 H - a wand of light (9)
 I - a wand of polymorph (7)
Scrolls
 n - 2 scrolls of silence
 p - a scroll of amnesia
 t - 2 scrolls of noise
 A - a scroll of vulnerability
 M - 2 scrolls of identify
Potions
 a - a potion of magic
 k - a potion of attraction
 l - 2 potions of brilliance
 m - 2 potions of degeneration
 o - 2 potions of haste
 q - 2 potions of flight
 G - a potion of cancellation
 J - a potion of berserk rage


   Skills:
 - Level 2.0 Fighting
 - Level 6.0 Dodging
 - Level 5.0 Stealth
 - Level 4.0 Spellcasting
 + Level 6.9 Conjurations
 - Level 5.0 Hexes
 - Level 5.0 Fire Magic
 - Level 5.0 Air Magic
 - Level 5.0 Invocations
 + Level 4.9 Evocations


You had one spell level left.
You knew the following spells:

 Your Spells              Type           Power      Damage    Failure   Level
a - Magic Dart            Conj           100%       1d8       1%          1
b - Searing Ray           Conj           100%       2d8       1%          2
c - Shock                 Conj/Air       100%       1d9       1%          1
d - Foxfire               Conj/Fire      100%       2x1d9     1%          1
e - Swiftness             Air            41%        N/A       4%          3
f - Conjure Flame         Conj/Fire      48%        6-21      2%          3
g - Ensorcelled Hibernat  Hex/Ice        48%        N/A       5%          2
h - Dazzling Flash        Conj/Hex       96%        N/A       2%          3

Your spell library contained the following spells:

 Spells                   Type           Power      Damage    Failure   Level
 Sting                    Tmut/Pois      24%        1d4       11%         1
 Inner Flame              Hex/Fire       41%        N/A       4%          3
 Poisonous Vapours        Pois/Air       48%        N/A       5%          2
 Flame Wave               Conj/Fire      48%        2d12      9%          4
 Fulminant Prism          Conj/Hex       24%        3d13      9%          4
 Airstrike                Air            20%        2d(3-19)  13%         4
 Passwall                 Tmut/Erth      5%         N/A       16%         2
 Iskenderun's Mystic Bla  Conj/Tloc      30%        2d8       26%         4
 Spider Form              Tmut/Pois      6%         N/A       30%         3
 Anguish                  Hex/Necr       12%        N/A       36%         4
 Olgreb's Toxic Radiance  Pois           6%         N/A       71%         4
 Petrify                  Tmut/Erth      6%         N/A       71%         4
 Metabolic Englaciation   Hex/Ice        12%        N/A       71%         5
 Starburst                Conj/Fire      24%        6d8       80%         6
 Statue Form              Tmut/Erth      4%         N/A       100%        6
 Ozocubu's Refrigeration  Ice            3%         4d8       100%        7
 Ignition                 Fire           20%        3d7       100%        8


Dungeon Overview and Level Annotations

Branches:
Dungeon (9/15)             Temple (1/1) D:5
   Lair: D:8-11         Orc: D:9-12

Altars:
Ashenzari
Cheibriados
Dithmenos
Elyvilon
Fedhas
Gozag
Hepliaklqana
Kikubaaqudgha
Makhleb
Nemelex Xobeh
Okawaru
Qazlal
Ru
Sif Muna
Trog
Uskayaw
Vehumet
Wu Jian
Xom
Yredelemnul
Zin
The Shining One

Shops:
D:6 *   D:7 *


Innate Abilities, Weirdness & Mutations

You are a tree.
Your roots penetrate the ground, keeping you stationary.
You cannot be teleported.
You are immune to unholy pain and torment.
Your maximum health is greatly increased.
Your equipment is partially melded.
((You can breathe blasts of scalding, opaque steam.))
((Your pale cyan-grey scales are hard. (AC +7)))
You cannot fit into any form of body armour.
((You are cold-blooded and may be slowed by cold attacks.))
((You are immune to the effects of steam.))
You sometimes lose your temper in combat.
Potions are less effective at restoring your health.


Message History

The kobold hits your fire elemental with a +0 short sword.
The yak gores your fire elemental!
Your fire elemental is destroyed!
Your fire elemental disappears in a puff of smoke!
The yak gores you.
* * * LOW HITPOINT WARNING * * *
Really quaff the potion of lignification?
You turn into a tree.
Your +1 pair of gloves melds into your body.
Your +0 pair of boots melds into your body.
Your roots penetrate the ground.
You feel sick.
Your fire elemental hits the yak.
Your fire elemental burns the yak!
The yak dies!
Qazlal accepts your kill. The yak gores you but does no damage.
The kobold brigand zaps a wand.
You struggle to resist.
The kobold throws a stone.
The stone closely misses your fire elemental.
You block the stone. The yak gores you but does no damage.
Okay, then.
Casting: Ensorcelled Hibernation (safe; 5% risk of failure)
Confirm with . or Enter, or press ? or * to list all spells.
You feel a surge of power!
You conjure some foxfire!
You feel sick.
Your fire elemental hits the yak.
Your fire elemental burns the yak!
The yak gores you!
* * * LOW HITPOINT WARNING * * *
The yak gores you but does no damage.
The kobold throws a stone.
The stone hits your fire elemental but does no damage.
The yak gores you but does no damage.
The kobold brigand zaps a wand.
Your mind is blasted!
* * * LOW HITPOINT WARNING * * *
Okay, then.
Aiming: Bolt of Light
Press: ? - help, Shift-Dir - straight line, f - yak
Aim: a yak (moderately wounded, haloed, 89% to hit)
The bolt of light hits the yak.
The yak is moderately wounded.
The yak is blinded.
The bolt of light hits the yak!
The yak is severely wounded.
The yak is blinded.
You die...

############
#............. ######
#............. #....#
#.............##....# ##
.............)##....#...
#.............##........
#..............Kv.K.....
..............YY♣E#
.[............KYYv#
....K)<.....§...###
.#..........§...# .
.#.....).......## ###..
.#......##...).# #....#
#.#....##.....##......
.......................
.#..........##.........
....


You could see 4 yaks, a kobold brigand (ally target), 2 kobolds and a friendly
fire elemental (summoned).

Vanquished Creatures
  A troll (D:7)
  6 yaks
  A steam dragon (D:8)
  4 water moccasins
  3 orc warriors
  2 sky beasts
  A black bear (D:4)
  3 centaurs
  A phantom (D:5)
  2 kobold brigands
  4 bullfrogs (D:7)
  A scorpion (D:5)
  A wight (D:6)
  24 killer bees
  6 howler monkeys
  A jelly (D:4)
  2 orc priests (D:5)
  2 gnoll boudas
  2 iguanas
  3 orc wizards
  7 adders
  13 gnolls
  A white imp (D:7)
  2 ufetubi
  A worm (D:4)
  5 dart slugs
  23 orcs
  5 endoplasms
  4 giant cockroaches
  9 goblins
  2 hobgoblins
  8 jackals
  2 quokkas
  10 ball pythons
  10 bats
  4 frilled lizards
  22 kobolds
  7 rats
205 creatures vanquished.

Vanquished Creatures (collateral kills)
  A yak (D:9)
  A foxfire (D:6)
2 creatures vanquished.

Vanquished Creatures (others)
  142 foxfires
142 creatures vanquished.

Grand Total: 349 creatures vanquished

Notes
Turn   | Place    | Note
-------+----------+-------------------------------------------
     0 | D:1      | NinjaNoafa the Draconian Conjurer began the quest for the
                  | Orb.
     0 | D:1      | Reached XP level 1. HP: 14/14 MP: 3/3
   154 | D:1      | Reached skill level 1 in Hexes
   154 | D:1      | Reached XP level 2. HP: 20/20 MP: 3/5
   367 | D:1      | Learned a level 2 spell: Searing Ray
   490 | D:1      | Reached XP level 3. HP: 26/26 MP: 3/6
   936 | D:2      | Found a faded altar of an unknown god.
  1161 | D:2      | Learned a level 1 spell: Shock
  1167 | D:3      | Found a stormy altar of Qazlal.
  1167 | D:3      | Noticed an air elemental
  1170 | D:3      | Noticed an earth elemental
  1170 | D:3      | Noticed a fire elemental
  1170 | D:3      | Noticed a water elemental
  1285 | D:3      | Reached XP level 4. HP: 33/33 MP: 4/7
  1303 | D:3      | Became a worshipper of Qazlal Stormbringer
  1718 | D:4      | Noticed a black bear
  1728 | D:4      | Killed a black bear
  1729 | D:4      | Reached skill level 1 in Air Magic
  1729 | D:4      | Reached XP level 5. HP: 38/38 MP: 4/8
  1839 | D:4      | Reached XP level 6. HP: 42/45 MP: 4/9
  2071 | D:4      | Reached * piety under Qazlal
  2367 | D:4      | Found a shimmering blue altar of Sif Muna.
  2367 | D:4      | Found an iron altar of Okawaru.
  2472 | D:5      | Entered Level 5 of the Dungeon
  2684 | D:5      | Found a staircase to the Ecumenical Temple.
  2695 | Temple   | Entered the Ecumenical Temple
  2797 | D:5      | Reached skill level 5 in Conjurations
  2966 | D:5      | Learned a level 1 spell: Foxfire
  2981 | D:5      | Your scales start taking on a pale cyan-grey colour.
  2981 | D:5      | Reached XP level 7. HP: 26/50 MP: 8/11
  2981 | D:5      | Gained mutation: You are immune to the effects of steam.
                  | [Pale Draconian growth]
  3448 | D:6      | Found Cuzic's General Store.
  3459 | D:6      | Bought a scroll of identify for 26 gold pieces
  3462 | D:6      | Bought a scroll of vulnerability for 52 gold pieces
  3504 | D:6      | Reached skill level 1 in Fire Magic
  3504 | D:6      | Reached skill level 1 in Invocations
  3687 | D:6      | Reached skill level 1 in Evocations
  3736 | D:6      | Reached ** piety under Qazlal
  3737 | D:6      | Reached XP level 8. HP: 57/57 MP: 8/12
  3990 | D:7      | Noticed a troll
  3996 | D:7      | Killed a troll
  4173 | D:7      | Reached skill level 1 in Fighting
  4654 | D:7      | Found Zin's Purification Station.
  4657 | D:7      | Found a glowing silver altar of Zin.
  4964 | D:8      | Reached XP level 9. HP: 34/67 MP: 9/13
  4966 | D:8      | Gained mutation: You sometimes lose your temper in combat.
                  | [potion of mutation]
  4966 | D:8      | Gained mutation: Potions are less effective at restoring
                  | your health. [potion of mutation]
  4980 | D:8      | Reached skill level 5 in Fire Magic
  4980 | D:8      | Reached skill level 5 in Air Magic
  5224 | D:8      | Reached skill level 5 in Hexes
  5270 | D:8      | Reached skill level 5 in Dodging
  5645 | D:8      | Reached *** piety under Qazlal
  5886 | D:8      | Reached XP level 10. HP: 36/73 MP: 14/16
  6264 | D:8      | Learned a level 3 spell: Swiftness
  6617 | D:9      | Noticed a manticore
  6617 | D:9      | Noticed a deep elf pyromancer
  6935 | D:9      | Reached skill level 5 in Invocations
  7025 | D:8      | Learned a level 3 spell: Conjure Flame
  7028 | D:8      | Learned a level 2 spell: Ensorcelled Hibernation
  7071 | D:8      | Learned a level 3 spell: Dazzling Flash
  7399 | D:9      | Reached skill level 5 in Stealth
  7416 | D:9      | HP: 1/109 [disintegration (11)]
  7417 | D:9      | Succumbed to a kobold brigand's poison

Illustrated notes

Levels and vault maps discovered:
D:1:      dpeg_arrival_subterranean_lakeside_camping, layout_rooms,
          minmay_misc_feat_doors, minmay_split_cup_small
D:2:      layout_rooms, hellmonk_ecumenical_altar_crossroads
D:3:      layout_rooms, nicolae_qazlal_style_of_elements
D:4:      layout_rooms, minitemple
D:5:      layout_gridville, minmay_temple_entry_gardened_gates,
          grunt_ministairs_4
D:6:      layout_cave_pools, serial_shops, shop_statue,
          kennysheep_generic_room_9
D:7:      layout_cave_pods, zin_purify
D:8:      layout_rooms, minmay_misc_feat_five
D:9:      layout_basic, minivault_28
Temple:   dpeg_three_leaves_temple

Skill      XL: |  1  2  3  4  5  6  7  8  9 10 |
---------------+-------------------------------+-----
Hexes          | 1 2 3 4 5 |  5.0
Stealth        | 2 3 4 5 |  5.0
Dodging        | 2 3 4 6 |  6.0
Air Magic      | 1 3 4 5 |  5.0
Conjurations   | 5 6 |  6.9
Spellcasting   | 3 4 |  4.0
Fire Magic     | 3 4 5 |  5.0
Invocations    | 3 4 5 |  5.0
Evocations     | 3 4 |  4.9
Fighting       | 2 |  2.0

Action                   |  1- 3 |  4- 6 |  7- 9 | 10-12 || total
-------------------------+-------+-------+-------+-------++-------
Melee: Dagger            |     4 |    12 |    44 |     7 ||    67
       Tailslap          |     1 |       |    10 |     1 ||    12
Throw: Dart              |       |     4 |       |       ||     4
 Cast: Magic Dart        |    87 |    52 |    15 |     1 ||   155
       Searing Ray       |     6 |    16 |    30 |     8 ||    60
       Shock             |       |    22 |     9 |     1 ||    32
       Foxfire           |       |     1 |    60 |    23 ||    84
       Swiftness         |       |       |       |     4 ||     4
       Conjure Flame     |       |       |       |     3 ||     3
       Ensorcelled Hiber |       |       |       |     3 ||     3
       Dazzling Flash    |       |       |       |     1 ||     1
Invok: Upheaval          |       |       |     1 |       ||     1
       Elemental Force   |       |       |       |     1 ||     1
 Abil: Breathe Steam     |       |       |    16 |     3 ||    19
Evoke: Wand              |       |       |     3 |     1 ||     4
  Use: Potion            |       |     1 |     7 |     5 ||    13
       Scroll            |       |       |    13 |     7 ||    20
 Stab: Invisible         |       |       |     1 |       ||     1
       Sleeping          |       |       |       |     1 ||     1
Armor: Skin              |     4 |    22 |    84 |    62 ||   172
Dodge: Dodged            |    13 |    44 |   137 |   114 ||   308
Block: Other             |       |     1 |       |       ||     1
       Orb               |       |       |    22 |    30 ||    52
